 Dungeon Crawl Stone Soup version 0.30-a0-782-ge64f9170bb (webtiles) character file.

Game seed: 1099328923346157695

2818 kae the Destroyer (level 9, -15/45 HPs)
             Began as a Tengu Fire Elementalist on Mar 13, 2023.
             Was a Follower of Vehumet.
             Demolished by an orc warrior
             ... wielding a +0 halberd
              (21 damage)
             ... on level 8 of the Dungeon.
             The game lasted 00:09:19 (8223 turns).

kae the Destroyer (Tengu Fire Elementalist)         Turns: 8223, Time: 00:09:19

Health: -15/45     AC:  3    Str:  9    XL:     9   Next: 72%
Magic:  19/29      EV: 14    Int: 22    God:    Vehumet [*.....]
Gold:   537        SH:  0    Dex: 15    Spells: 4/22 levels left

rFire   . . .      SeeInvis +    k - +1 falchion of Karcha {venom, Fly rC+ Int+3}
rCold   + . .      Faith    .    (no shield)
rNeg    . . .      Spirit   .    a - +0 robe
rPois   .          Reflect  .    (helmet restricted)
rElec   .          Harm     .    (no cloak)
rCorr   .          Rampage  .    e - +0 pair of gloves
Will    .....                    (boots unavailable)
Stlth   ++                       (no amulet)
HPRegen 0.27/turn                v - ring of see invisible
MPRegen 0.21/turn                W - ring of magical power

@: flying quickly and evasively, quick
A: beak, talons 3, nimble flight
a: Renounce Religion


You were on level 8 of the Dungeon.
You worshipped Vehumet.
Vehumet was aware of your devotion.
You visited 2 branches of the dungeon, and saw 9 of its levels.
You also visited: Ossuary.

You collected 537 gold pieces.


Innate Abilities, Weirdness & Mutations

You have a beak for a mouth.
You have claws for feet.
Your magical nature lets you fly swiftly and evasively.


   Skills:
 - Level 2.1 Dodging
 - Level 2.0 Stealth
 + Level 7.0 Spellcasting
 + Level 9.7 Conjurations
 - Level 2.0 Hexes
 + Level 8.7 Fire Magic


You had 4 spell levels left.
You knew the following spells:

 Your Spells              Type           Power      Damage    Failure   Level
a - Foxfire               Conj/Fire      100%       2x1d9     1%          1
b - Scorch                Fire           92%        2d9       1%          2
c - Inner Flame           Hex/Fire       31%        N/A       2%          3
d - Flame Wave            Conj/Fire      48%        2d12      1%          4
e - Kindle Blastsparks    Fire/Tloc/Air  40%        2d13      8%          3
f - Fireball              Conj/Fire      24%        3d11      5%          5

Your spell library contained the following spells:

 Spells                   Type           Power      Damage    Failure   Level
 Shock                    Conj/Air       100%       1d9       1%          1
 Dazzling Flash           Conj/Hex       66%        N/A       2%          3
 Stone Arrow              Conj/Erth      58%        3d10      3%          3
 Sandblast                Erth           14%        2d6       9%          1
 Iskenderun's Mystic Bla  Conj/Tloc      29%        2d7       11%         4
 Lesser Beckoning         Tloc           14%        N/A       12%         2
 Passwall                 Tmut/Erth      5%         N/A       12%         2
 Sublimation of Blood     Necr           7%         N/A       12%         2
 Wereblood                Tmut           7%         N/A       12%         2
 Portal Projectile        Hex/Tloc       24%        N/A       16%         3
 Call Canine Familiar     Summ           7%         N/A       24%         3
 Gell's Gravitas          Tloc           7%         N/A       24%         3
 Teleport Other           Tloc           7%         N/A       24%         3
 Vhi's Electric Charge    Tloc/Air       14%        N/A       24%         3
 Leda's Liquefaction      Hex/Erth       6%         N/A       47%         4
 Starburst                Conj/Fire      24%        6d8       28%         6
 Arcjolt                  Conj/Air       14%        1d24      30%         5
 Summon Hydra             Summ           3%         N/A       100%        7
 Maxwell's Capacitive Co  Air            3%         ∞         100%        8

Inventory:

Hand Weapons
 k - the +1 falchion of Karcha (weapon) {venom, Fly rC+ Int+3}
   (You found it on level 3 of the Dungeon)

   Int:       It affects your intelligence (+3).
   rC:        It protects you from cold.
   Fly:       It grants you flight.
 n - a +2 short sword of venom
   (You took it off a kobold on level 2 of the Dungeon)
Missiles
 c - 75 stones
 j - 3 javelins
 u - 6 poisoned darts
 B - 2 boomerangs
Armour
 a - a +0 robe (worn)
 e - a +0 pair of gloves (worn)
   (You found it on level 3 of the Dungeon)
Magical Staves
 y - a staff of earth {!a}
   (You found it on level 6 of the Dungeon)
Jewellery
 v - a ring of see invisible (left hand)
   (You found it on level 4 of the Dungeon)
 W - a ring of magical power (right hand)
   (You found it on level 7 of the Dungeon)
 Z - a ring of wizardry
   (You found it in an ossuary)
Wands
 o - a wand of charming (33)
   (You found it on level 3 of the Dungeon)
Scrolls
 f - 5 scrolls of fear
 h - 2 scrolls of blinking {!r}
 r - a scroll of enchant weapon
 s - 4 scrolls of teleportation {@r4}
 t - a scroll of vulnerability {!r!r}
 z - 4 scrolls of magic mapping {!r}
 C - a scroll of brand weapon
Potions
 b - 3 potions of magic
 d - 3 potions of flight
 g - 5 potions of heal wounds {@q2}
 i - 2 potions of attraction {!q}
 l - a potion of haste {@q3}
 m - a potion of lignification {!q}
 q - 2 potions of curing {@q1}
 w - 3 potions of mutation {!q}
 x - a potion of brilliance
 A - 2 potions of might

Dungeon Overview and Level Annotations

Branches:
Dungeon (8/15) Zot: 26687  Temple (1/1) D:7 Zot: 5954 Ossuary (visited)
   Lair: D:8-11

Altars:
Dithmenos
Elyvilon
Fedhas
Gozag
Hepliaklqana
Kikubaaqudgha
Makhleb
Nemelex Xobeh
Okawaru
Qazlal
Ru
Trog
Uskayaw
Vehumet
Wu Jian
Xom
Zin
The Shining One

Annotations:
D:7 3 runed translucent doors, caveywoolpert's ghost, novice OpEE

..##.........#
.............#
##...........#
.........#.#.######
............).....#
............)<....#
#.....#............#
#.....#.<†|........#
#........@)........#
........o.....>(...#
.....#.#....##.#####
.......#.....#.#
...#.....##...# ..
#..#...##...#
..).)..#..##..#
...##...###.##..# ..
....$ .....#


You could see an orc warrior.


Message History

The necrophage barely misses you.
The foxfire hits the orc warrior.
The foxfire hits the necrophage.
The necrophage is burned terribly!
The orc jeers noisily.
The orc warrior hits you from afar with a +0 halberd!
The necrophage hits you. 😮 HP[-11] MP[-1]
You take 11 damage, and now have 24/45 hp.
MASSIVE DAMAGE!! (PAUSE)
You lost 1 mp, and now have 22/29 mp.
The necrophage is no longer more vulnerable to fire. 😮 HP[+1] MP[+1]
The orc throws a boomerang.
The boomerang misses you.
There is a stone staircase leading up here.
Items here: )) [ ††.
You fly upwards.
Level annotation: 3 runed translucent doors, caveywoolpert's ghost, novice OpEE
There is a stone staircase leading down here. 😮 HP[+1] MP[+1] Done exploring. 😕 HP[+12] MP[+5]
You regained 12 hp, and now have 38/45 hp.
Your mp is fully restored (29).
There is a stone staircase leading down here. 😕 HP[+1]
You fly downwards.
The orc throws a boomerang.
The boomerang barely misses you.
The orc throws a boomerang.
The boomerang barely misses you.
There is a stone staircase leading up here. 😕 HP[+1]
Casting: Foxfire (safe; 1% risk of failure)
Confirm with . or Enter, or press ? or * to list all spells.
You conjure some foxfire!
The orc throws a boomerang.
The boomerang barely misses you.
The foxfire hits the orc. x2; The orc hits you but does no damage. 😕 MP[-1]
You lost 1 mp, and now have 28/29 mp.
Casting: Foxfire (safe; 1% risk of failure)
Confirm with . or Enter, or press ? or * to list all spells.
You conjure some foxfire!
The orc misses you. The necrophage hits you.
The foxfire hits the orc.
The foxfire hits the orc warrior but does no damage.
The orc closely misses you. The orc warrior barely misses you.
The necrophage closely misses you. 😕 HP[-3] MP[-1]
You take 3 damage, and now have 37/45 hp.
You lost 1 mp, and now have 27/29 mp.
The necrophage hits you.
You feel drained.
The orc warrior closely misses you. 😮 HP[-4] MP[+1]
You now have 44 max hp (-1).
You take 4 damage, and now have 33/44 hp.
Casting: Foxfire (safe; 1% risk of failure)
Confirm with . or Enter, or press ? or * to list all spells.
A cloud of volatile blastsparks flares up around you!
The orc hits you with a +0 trident. The orc misses you.
The orc warrior hits you with a +0 halberd!
* * * LOW HITPOINT WARNING * * *
The necrophage hits you but does no damage. 😨 HP[-18] MP[-3]
You take 18 damage, and now have 15/44 hp.
MASSIVE DAMAGE!! (PAUSE)
You lost 3 mp, and now have 25/29 mp.
Unknown command.
Casting: Kindle Blastsparks (dangerous; 8% risk of failure)
Confirm with . or Enter, or press ? or * to list all spells.
Okay, then.
Casting: Kindle Blastsparks (dangerous; 8% risk of failure)
Confirm with . or Enter, or press ? or * to list all spells.
Casting: Flame Wave (dangerous; 1% risk of failure)
Press: ? - help, Dir - look around, f - activate A wave of flame ripples out!
The flame wave engulfs the orc warrior.
The flame wave engulfs the orc!
You kill the orc!
Vehumet accepts your kill.
The flame wave engulfs the necrophage!
The flame wave engulfs the orc!
You kill the orc!
Vehumet accepts your kill. (Press . to intensify the flame waves.)
The orc warrior hits you with a +0 halberd!
* * * LOW HITPOINT WARNING * * *
The necrophage barely misses you. 😱 HP[-10] MP[-4]
You take 10 damage, and now have 5/44 hp.
MASSIVE DAMAGE!! (PAUSE)
You lost 4 mp, and now have 21/29 mp.
A wave of flame ripples out!
The flame wave engulfs the orc warrior.
The flame wave engulfs the necrophage!!
You destroy the necrophage!
Vehumet accepts your kill. The orc warrior misses you.
Your life force feels restored.
Your Spellcasting skill increases to level 7! 😱 HP[+1] MP[-1]
You now have 45 max hp (+1).
You lost 1 mp, and now have 20/29 mp.
Unknown command.
A wave of flame ripples out!
The flame wave engulfs the orc warrior!
You finish channelling waves of flame.
The orc warrior hits you with a +0 halberd!!
You die...

Skill      XL: |  1  2  3  4  5  6  7  8  9 |
---------------+----------------------------+-----
Conjurations   | 2 3 4 6 8 9 |  9.7
Fire Magic     | 4 5 6 7 8 |  8.7
Hexes          | 1 2 |  2.0
Spellcasting   | 3 4 6 7 |  7.0
Dodging        | |  2.1
Stealth        | |  2.0

Action                     |  1- 3 |  4- 6 |  7- 9 || total
---------------------------+-------+-------+-------++-------
  Melee: Kick              |     1 |     6 |       ||     7
         Unarmed           |     1 |       |       ||     1
         Falchion          |       |    20 |     1 ||    21
         Peck              |       |     5 |       ||     5
         Punch             |       |     1 |       ||     1
   Cast: Foxfire           |    82 |    88 |   149 ||   319
         Scorch            |     6 |     6 |    45 ||    57
         Kindle Blastspark |       |       |     2 ||     2
         Flame Wave        |       |       |     2 ||     2
  Evoke: Wand              |       |     1 |       ||     1
    Use: Scroll            |     9 |     4 |     6 ||    19
         Potion            |       |     5 |       ||     5
 Armour: Robe              |     4 |    23 |     5 ||    32
  Dodge: Dodged            |     7 |    64 |    72 ||   143

Levels and vault maps discovered:
D:1:      lemuel_arrival_broad_hall, layout_loops_cross
D:2:      layout_basic, minmay_cupped
D:3:      layout_loops_ring
D:4:      layout_rooms, nemelex_diamond_rough_becter, minmay_unequal,
          uniq_duvessa, uniq_eustachio
D:5:      layout_basic, grunt_temple_overflow_gold_and_silver,
          nicolae_tso_carved_into_rock, gup_ossuary_entry_pyramid, uniq_grinder,
          uniq_menkaure
D:6:      layout_loops_ring, lemuel_tele_altar, nicolae_vehumet_altar_sigil,
          beargit_hepliaklqana_dungeon_heroes, kiku_gazebo_garden_becter
D:7:      layout_basic, kennysheep_mini, jmf_multi_god_temple,
          minmay_temple_entry_junction, ebering_ghost_gozag
D:8:      gammafunk_jiyva_shrine, layout_rooms, dk_yredelemnul_ordeal,
          serial_shops, shop, uniq_psyche
Temple:   hellmonk_temple_of_storms

Notes
Turn   | Place    | Note
-------+----------+-------------------------------------------
     0 | D:1      | kae the Tengu Fire Elementalist began the quest for the
                  | Orb.
     0 | D:1      | Reached XP level 1. HP: 10/10 MP: 4/4
     0 | D:1      | magus.rc [v1.11.3]
   317 | D:1      | Reached XP level 2. HP: 15/15 MP: 4/6
   393 | D:1      | Reached skill level 2 in Conjurations
   683 | D:1      | You fall into a shaft and drop 1 floor!
   747 | D:2      | Reached XP level 3. HP: 19/19 MP: 4/7
   750 | D:2      | Learned a level 2 spell: Scorch
   754 | D:2      | Learned a level 3 spell: Inner Flame
   925 | D:2      | You add the spells Vhi's Electric Charge, Arcjolt and
                  | Maxwell's Capacitive Coupling to your library.
   944 | D:2      | You pick up a book of the Hunter and begin reading...
   944 | D:2      | You add the spells Call Canine Familiar, Portal Projectile
                  | and Leda's Liquefaction to your library.
  1697 | D:3      | Identified a scroll of acquirement
  1697 | D:3      | Acquired a book of Fire
  1698 | D:3      | You pick up a book of Fire and begin reading...
  1698 | D:3      | You add the spells Fireball and Starburst to your library.
  1897 | D:3      | You pick up a book of Blood and begin reading...
  1897 | D:3      | You add the spells Sublimation of Blood, Wereblood and
                  | Summon Hydra to your library.
  1968 | D:3      | You pick up a book of Spectacle and begin reading...
  1968 | D:3      | You add the spells Dazzling Flash and Iskenderun's Mystic
                  | Blast to your library.
  2077 | D:3      | Identified the +1 falchion of Karcha {venom, Fly rC+ Int+3}
  2278 | D:3      | Reached skill level 4 in Fire Magic
  2580 | D:3      | Reached XP level 4. HP: 24/24 MP: 5/8
  2656 | D:4      | Noticed a phantom
  2657 | D:4      | Noticed a scorpion
  2673 | D:3      | Reached skill level 3 in Conjurations
  2763 | D:4      | Noticed Duvessa
  2773 | D:4      | Noticed Dowan
  2776 | D:4      | HP: 4/24 [Duvessa/+0 short sword (6)]
  2965 | D:4      | You pick up a book of Displacement and begin reading...
  2965 | D:4      | You add the spells Lesser Beckoning, Gell's Gravitas and
                  | Teleport Other to your library.
  3021 | D:4      | Reached skill level 1 in Hexes
  3037 | D:4      | Killed a scorpion
  3038 | D:4      | Reached skill level 3 in Spellcasting
  3038 | D:4      | Gained mutation: Your magical nature lets you fly swiftly
                  | and evasively. [Tengu growth]
  3038 | D:4      | Reached XP level 5. HP: 25/28 MP: 2/10
  3085 | D:4      | Killed a phantom
  3086 | D:4      | Reached skill level 4 in Conjurations
  3086 | D:4      | Reached XP level 6. HP: 19/32 MP: 0/12
  3472 | D:4      | Noticed Eustachio
  3496 | D:4      | Learned a level 4 spell: Flame Wave
  3502 | D:4      | Found a sparkling altar of Nemelex Xobeh.
  3560 | D:5      | Entered Level 5 of the Dungeon
  3596 | D:5      | Found a sand-covered staircase.
  3617 | Ossuary  | Entered an ossuary
  3646 | Ossuary  | HP: 8/32 [human zombie (2)]
  3648 | Ossuary  | HP: 3/32 [human zombie (5)]
  3666 | Ossuary  | HP: 3/32 [mummy (18)]
  3721 | Ossuary  | Reached skill level 2 in Hexes
  3721 | Ossuary  | Reached skill level 5 in Fire Magic
  3948 | Ossuary  | Reached XP level 7. HP: 36/36 MP: 6/13
  4255 | D:5      | Found a glowing golden altar of the Shining One.
  4284 | D:5      | Noticed Grinder
  4306 | D:5      | Reached skill level 5 in Conjurations
  4309 | D:5      | HP: 9/36 [Grinder/nerve-wracking pain (4)]
  4314 | D:5      | HP: 6/36 [Grinder (4)]
  4315 | D:5      | Killed Grinder
  4316 | D:5      | Reached skill level 4 in Spellcasting
  4449 | D:5      | Noticed Menkaure
  4458 | D:5      | Killed Menkaure
  4459 | D:5      | Reached skill level 6 in Conjurations
  4459 | D:5      | Reached skill level 6 in Fire Magic
  4604 | D:5      | Reached XP level 8. HP: 41/41 MP: 11/16
  4787 | D:5      | Reached skill level 5 in Spellcasting
  4996 | D:5      | Found an opulent altar of Gozag.
  4997 | D:5      | Found a glowing silver altar of Zin.
  5139 | D:5      | Learned a level 3 spell: Kindle Blastsparks
  5425 | D:6      | Reached skill level 7 in Conjurations
  5589 | D:6      | Reached skill level 7 in Fire Magic
  5692 | D:6      | Found an ancient bone altar of Kikubaaqudgha.
  5914 | D:6      | Found a hazy altar of Hepliaklqana.
  5915 | D:6      | Found a faded altar of an unknown god.
  5986 | D:6      | Found a radiant altar of Vehumet.
  6002 | D:6      | Found a white marble altar of Elyvilon.
  6283 | D:6      | Learned a level 5 spell: Fireball
  6292 | D:6      | Became a worshipper of Vehumet
  6320 | D:7      | Reached skill level 8 in Conjurations
  6364 | D:7      | Found a staircase to the Ecumenical Temple.
  6386 | D:7      | Reached skill level 6 in Spellcasting
  6386 | D:7      | Reached XP level 9. HP: 32/45 MP: 14/19
  6441 | Temple   | Entered the Ecumenical Temple
  6560 | D:7      | Found a sacrificial altar of Ru.
  6787 | D:7      | Found a stormy altar of Qazlal.
  6788 | D:7      | Found a shadowy altar of Dithmenos.
  6821 | D:7      | Found a runed translucent gate.
  6822 | D:7      | Found a runed translucent gate.
  6867 | D:7      | Reached skill level 8 in Fire Magic
  7127 | D:7      | Reached skill level 9 in Conjurations
  7230 | D:7      | Found a runed translucent gate.
  7231 | D:7      | Found an opulent altar of Gozag.
  7231 | D:7      | Noticed a kobold demonologist
  7231 | D:7      | Noticed caveywoolpert's ghost (novice OpEE)
  7501 | D:4      | Killed Eustachio
  7614 | D:4      | Killed Duvessa
  7622 | D:4      | Killed Dowan
  8084 | D:8      | You pick up a book of Geomancy and begin reading...
  8084 | D:8      | You add the spells Sandblast, Passwall and Stone Arrow to
                  | your library.
  8109 | D:8      | Reached * piety under Vehumet
  8109 | D:8      | Offered knowledge of Shock by Vehumet.
  8221 | D:8      | HP: 5/44 [orc warrior/+0 halberd (10)]
  8223 | D:8      | Reached skill level 7 in Spellcasting
  8223 | D:8      | Demolished by an orc warrior

Vanquished Creatures
  Grinder (D:5)
  A wyvern (D:7)
  Eustachio (D:4)
  A steam dragon (D:7)
  Menkaure (D:5)
  2 water moccasins
  Duvessa (D:4)
  An orc warrior (D:6)
  An ice beast (D:7)
  An ogre (D:6)
  2 phantoms
  A necrophage (D:8)
  A scorpion (D:4)
  5 wights (D:7)
  Dowan (D:4)
  4 jellies
  A human zombie (Ossuary)
  A gnoll bouda (D:8)
  6 hounds
  3 iguanas
  6 orc wizards
  A hound zombie (Ossuary)
  5 mummies
  8 gnolls
  6 adders
  A shadow imp (D:7)
  3 white imps
  An ufetubus (D:5)
  3 worms
  A dart slug (D:2)
  35 orcs
  8 ball pythons
  5 bats
  8 endoplasms
  4 giant cockroaches
  A gnoll zombie (Ossuary)
  7 goblins
  8 hobgoblins
  A kobold (D:2)
  4 quokkas
  A frilled lizard (D:1)
  2 goblin zombies (Ossuary)
  2 hobgoblin zombies (Ossuary)
  A jackal zombie (Ossuary)
  A kobold zombie (Ossuary)
  2 orc zombies (Ossuary)
  4 rats
  A rat zombie (Ossuary)
166 creatures vanquished.

Vanquished Creatures (others)
  535 foxfires
  8 withered plants (D:6)
543 creatures vanquished.

Grand Total: 709 creatures vanquished

Table legend:
 A = Non-vault XP
 B = Vault XP
 C = Vault XP percentage of total XP
 D = Non-vault monster count
 E = Vault monster count
 F = Vault count percentage of total count
                 A         B        C        D         E       F
            +---------+---------+-------+---------+---------+-------
      Total |    2690 |    1336 |  33.2 |     137 |      29 |  17.5
            +---------+---------+-------+---------+---------+-------
        D:1 |      26 |       0 |   0.0 |      14 |       0 |   0.0
        D:2 |      31 |       1 |   3.1 |      16 |       1 |   5.9
        D:3 |      64 |       0 |   0.0 |      16 |       0 |   0.0
        D:4 |     180 |     517 |  74.2 |      19 |       6 |  24.0
        D:5 |     518 |     454 |  46.7 |      22 |       3 |  12.0
        D:6 |     565 |     136 |  19.4 |      16 |       1 |   5.9
        D:7 |    1096 |      80 |   6.8 |      20 |       2 |   9.1
        D:8 |     210 |       0 |   0.0 |      14 |       0 |   0.0
    Ossuary |       0 |     148 | 100.0 |       0 |      16 | 100.0
            +---------+---------+-------+---------+---------+-------

Illustrated notes

Table legend:
 A = Kills in this place as a percentage of kills in entire the game.
 B = Kills by you in this place as a percentage of kills by you in the entire game.
 C = Kills by friends in this place as a percentage of kills by friends in the entire game.
 D = Other kills in this place as a percentage of other kills in the entire game.
 E = Experience gained in this place as a percentage of experience gained in the entire game.
 F = Experience gained in this place divided by the number of levels of this place that you have seen.
                   A       B       C       D       E      F
               +-------+-------+-------+-------+-------+----------------------
         Total | 100.0 | 100.0 |   N/A |   N/A | 100.0 | 402.6
       Dungeon |  90.4 |  90.4 |   N/A |   N/A |  96.3 | 484.8
       Ossuary |   9.6 |   9.6 |   N/A |   N/A |   3.7 | 148.0
               +-------+-------+-------+-------+-------+----------------------

Table legend: (Time is in decaauts)
 A = Elapsed time spent in this place.
 B = Non-inter-level travel time spent in this place.
 C = Inter-level travel time spent in this place.
 D = Time resting spent in this place.
 E = Time spent auto-exploring this place.
 F = Levels seen in this place.
 G = Mean time per level.
                   A        B        C        D        E       F      G
               +--------+--------+--------+--------+--------+-----+--------+
         Total |   7969 |   7633 |    336 |    320 |   5999 |  10 |  796.9 |
       Dungeon |   7387 |   7066 |    321 |    118 |   5807 |   8 |  923.4 |
        Temple |     45 |     30 |     15 |      0 |     25 |   1 |   45.0 |
       Ossuary |    535 |    535 |      0 |    202 |    166 |   1 |  535.0 |
               +--------+--------+--------+--------+--------+-----+--------+

Top non-repeatable levels by time:
     D:3: 1209 daAuts
     D:6: 1159 daAuts
     D:7: 1143 daAuts
     D:4: 1050 daAuts
     D:5: 1016 daAuts
     D:2: 966 daAuts
     D:1: 683 daAuts
 Ossuary: 535 daAuts
     D:8: 158 daAuts
  Temple: 45 daAuts
